 Dungeon Crawl Stone Soup version 0.20.1-1-g8b1a95d (webtiles) character file.

878 MorkOrcishKhan the Slasher (level 8, -5/68 HPs)
             Began as a Hill Orc Monk on Sept 20, 2017.
             Was a Believer of Beogh.
             Slain by a centaur (7 damage)
             ... on level 5 of the Dungeon.
             The game lasted 00:26:47 (4726 turns).

MorkOrcishKhan the Slasher (Hill Orc Monk)          Turns: 4726, Time: 00:26:49

Health: -5/68      AC: -1    Str: 14    XL:     8   Next: 4%
Magic:  0/8        EV: 18    Int: 10    God:    Beogh [**....]
Gold:   208        SH:  0    Dex: 20    Spells: 7/7 levels left

rFire    + . .     SeeInvis .   A - +4 scimitar
rCold    . . .     Gourm    .   (no shield)
rNeg     . . .     Faith    .   d - +0 ring mail
rPois    .         Spirit   +   (no helmet)
rElec    .         Reflect  .   (no cloak)
rCorr    .         Harm     .   (no gloves)
MR       .....                  (no boots)
Stlth    +++.......             i - amulet of guardian spirit
Regen    0.3/turn               n - ring of protection from fire
MPRegen  0.2/turn               (no ring)

@: agile, corroded
A: no striking features
a: Smiting, Renounce Religion


You were on level 5 of the Dungeon.
You worshipped Beogh.
Beogh was pleased with you.
You were not hungry.

You visited 1 branch of the dungeon, and saw 5 of its levels.

You collected 208 gold pieces.

Inventory:

Hand Weapons
 b - a +1 flail of protection
 A - a +4 scimitar (weapon)
Missiles
 j - 4 javelins (quivered)
Armour
 d - a +0 ring mail (worn)
Jewellery
 i - an amulet of guardian spirit (around neck)
 n - a ring of protection from fire (left hand)
 u - an uncursed ring of fire
Wands
 a - a wand of lightning (7/15)
 x - a wand of acid (0/15)
Scrolls
 f - a scroll of identify
 h - 2 scrolls of remove curse
 o - 2 scrolls of immolation {unknown}
 q - 2 scrolls of teleportation {unknown}
 r - 2 scrolls of amnesia {unknown}
 t - a scroll of random uselessness {unknown}
 w - a scroll of enchant weapon {unknown}
 y - a scroll of fog {unknown}
Potions
 g - 2 potions of curing
 k - a potion of ambrosia {unknown}
 p - 2 potions of haste {unknown}
 s - a potion of mutation {unknown}
 v - a potion of flight {unknown}
 z - a potion of heal wounds {unknown}
Comestibles
 c - 4 bread rations
 l - 3 meat rations


   Skills:
 + Level 5.0 Fighting
 + Level 7.5 Long Blades
 + Level 4.8 Armour
 + Level 3.5 Dodging
 - Level 1.5 Stealth


You had 7 spell levels left.
You didn't know any spells.

Dungeon Overview and Level Annotations

Branches:
Dungeon (5/15)
 Temple: D:4-7

Altars:
Dithmenos

Annotations:
D:1 !


Message History

The bolt of acid hits you! The acid corrodes you!
You are splashed with acid!
The acid burns!
It is a wand of acid (?/15).
An orc comes into view.
The centaur unwields an uncursed shortbow.
The centaur hits you. The orc hits you. The centaur completely misses you.
You hit the centaur.
The centaur is lightly wounded.
The orc misses you.
The centaur zaps a wand.
The bolt of acid hits you!
* * * LOW HITPOINT WARNING * * *
The acid corrodes you!
You are splashed with acid!
The acid burns!
* * * LOW HITPOINT WARNING * * *
The orc grunts, "You, the messiah?
You don't even look the part!"
It was a potion of agility.
You feel agile all of a sudden. The centaur hits you.
* * * LOW HITPOINT WARNING * * *
The orc hits you with a mace.
* * * LOW HITPOINT WARNING * * *
The centaur hits you!
You die...

#....##.........#...#..
#....##...##....#...###
#....##...##....#....'.
#..........#....#....#.
#..........#....#....#.
#....<.....#...##...##.
#....##....#...##'####.
#....##o...#...#.......
#....(@c...#...'.......
#....##oo.##...#....###
#....# .o.##...#....#..
###### ....#...#....+..
....#...###'##..
....#...#.......
...##...#.......
...##...#.....##
##...#.....#.


You could see a centaur and 4 orcs.

Vanquished Creatures
  2 sky beasts (D:5)
  2 ogres (D:5)
  A scorpion (D:3)
  A howler monkey (D:5)
  2 crimson imps (D:5)
  A centaur skeleton (D:5)
  2 hounds
  A jelly (D:5)
  2 orc wizards (D:5)
  2 bullfrog skeletons (D:5)
  4 adders
  An ooze (D:2)
  An adder zombie (D:5)
  4 worms
  4 dart slugs
  A leopard gecko (D:2)
  8 orcs
  8 bats
  A giant cockroach (D:1)
  4 goblins
  10 hobgoblins
  3 jackals (D:2)
  8 kobolds
  2 quokkas
  3 frilled lizards
  A quokka skeleton (D:5)
  5 rats
84 creatures vanquished.

Vanquished Creatures (others)
  An adder (D:5)
1 creature vanquished.

Grand Total: 85 creatures vanquished

Notes
Turn   | Place    | Note
-------+----------+-------------------------------------------
     0 | D:1      | MorkOrcishKhan the Hill Orc Monk began the quest for the Orb.
     0 | D:1      | Reached XP level 1. HP: 19/19 MP: 1/1
   284 | D:1      | Reached XP level 2. HP: 27/27 MP: 2/2
   634 | D:1      | You fall through a shaft!
  1114 | D:2      | Reached XP level 3. HP: 20/33 MP: 0/3
  1239 | D:2      | Reached skill level 1 in Armour
  1463 | D:2      | Reached skill level 4 in Long Blades
  1806 | D:3      | Reached XP level 4. HP: 27/40 MP: 4/4
  2450 | D:3      | Reached XP level 5. HP: 42/46 MP: 5/5
  3496 | D:4      | Reached skill level 5 in Long Blades
  3588 | D:4      | You fall through a shaft!
  3588 | D:5      | Entered Level 5 of the Dungeon
  3654 | D:5      | Reached XP level 6. HP: 53/53 MP: 6/6
  3665 | D:5      | Noticed a sky beast
  3673 | D:5      | Killed a sky beast
  3993 | D:5      | Reached skill level 6 in Long Blades
  3993 | D:5      | Reached XP level 7. HP: 60/60 MP: 7/7
  4012 | D:5      | Found a shadowy altar of Dithmenos.
  4310 | D:5      | Reached skill level 7 in Long Blades
  4379 | D:5      | Became a worshipper of Beogh the Brigand
  4379 | D:5      | Reached * piety under Beogh
  4379 | D:5      | Reached ** piety under Beogh
  4494 | D:5      | Reached skill level 5 in Fighting
  4494 | D:5      | Reached XP level 8. HP: 46/68 MP: 5/8
  4726 | D:5      | HP: 2/68 [orc/mace (4)]
  4726 | D:5      | Slain by a centaur

Skill      XL: |  1  2  3  4  5  6  7 |
---------------+----------------------+-----
Fighting       | 4 5 |  5.0
Armour         | 1 2 3 4 |  4.8
Long Blades    | 4 5 6 7 |  7.5
Dodging        | 3 |  3.5
Stealth        | |  1.5

Action                   |  1- 3 |  4- 6 |  7- 9 || total
-------------------------+-------+-------+-------++-------
Melee: Falchion          |   122 |   125 |       ||   247
       Scimitar          |       |    24 |    51 ||    75
Throw: Javelin           |     3 |     7 |     5 ||    15
Invok: Convert to Beogh  |       |       |     1 ||     1
Evoke: Wand              |       |     1 |       ||     1
  Use: Scroll            |       |     2 |       ||     2
       Potion            |       |       |     1 ||     1
 Stab: Sleeping          |     1 |     1 |       ||     2
       Distracted        |       |     1 |       ||     1
  Eat: Chunk             |     2 |     6 |       ||     8
       Meat ration       |       |     1 |       ||     1
       Royal jelly       |       |     1 |       ||     1
Armor: Ring mail         |    46 |    40 |    11 ||    97
Dodge: Dodged            |    75 |    72 |    31 ||   178
       Rpst.: Falchion   |    21 |    12 |       ||    33
       Scimitar          |       |     4 |     7 ||    11
